 Dungeon Crawl Stone Soup version 0.21-a0-450-gd87a9b2 (webtiles) character file.

67 splatterpode the Poker (level 4, 0/31 HPs)
             Began as an Octopode Fighter on Nov 19, 2017.
             Succumbed to an adder's poison
             ... on level 2 of the Dungeon.
             The game lasted 00:02:04 (1389 turns).

splatterpode the Poker (Octopode Fighter)           Turns: 1389, Time: 00:02:05

Health: 0/31       AC:  1    Str: 20    XL:     4   Next: 18%
Magic:  4/4        EV: 12    Int: 10    God:
Gold:   99         SH:  9    Dex: 16    Spells: 3/3 levels left

rFire    . . .     SeeInvis .   a - +0 trident
rCold    . . .     Gourm    .   b - +0 shield
rNeg     + . .     Faith    .   (helmet restricted)
rPois    .         Spirit   .   (no amulet)
rElec    .         Reflect  .   h - ring of positive energy
rCorr    .         Harm     .   f - +4 ring of dexterity
MR       .....                  (no ring)
Stlth    ++........             (no ring)
HPRegen  0.10/turn              (no ring)
MPRegen  0.09/turn              (no ring)
                                (no ring)
                                (no ring)

@: mighty, lethally poisoned (0 -> -5)
A: almost no armour, stealthy swim, amphibious, 8 rings, constrict 8, camouflage
1, gelatinous body 1
a: no special abilities


You were on level 2 of the Dungeon.
You were not hungry.

You visited 1 branch of the dungeon, and saw 2 of its levels.

You collected 99 gold pieces.

Inventory:

Hand Weapons
 a - a +0 trident (weapon)
Armour
 b - a +0 shield (worn)
Jewellery
 f - a +4 ring of dexterity (right tentacle)
 h - a ring of positive energy (left tentacle)
Scrolls
 e - a scroll of identify {unknown}
Potions
 g - a potion of brilliance {unknown}
 i - a potion of heal wounds {unknown}
 j - a potion of curing {unknown}
 k - a potion of flight {unknown}
Comestibles
 d - 2 bread rations


   Skills:
 - Level 3.0 Fighting
 * Level 4.3 Polearms
 - Level 3.0 Dodging
 - Level 3.0 Shields


You had 3 spell levels left.
You didn't know any spells.

Dungeon Overview and Level Annotations

Branches:
Dungeon (2/15)

Altars:
Gozag
Uskayaw
The Shining One

Annotations:
D:2 Sigmund


Innate Abilities, Weirdness & Mutations

You cannot wear most types of armour.
You are very stealthy in the water. (Stealth+)
You are amphibious.
You can wear up to eight rings at the same time.
You can use your tentacles to constrict eight enemies at once.
Your skin changes colour to match your surroundings (Stealth+).
Your rubbery body absorbs attacks. (AC +1, EV +1)


Message History

You block the adder's attack. Something hits you! The quokka bites you.
The rat bites you.
You are too injured to fight recklessly!
You are too injured to fight recklessly!
You feel very mighty all of a sudden.
You constrict the adder. You block the adder's attack.
The quokka closely misses you. You block the rat's attack. Something hits you!
* * * LOW HITPOINT WARNING * * *
You closely miss the quokka. Your grab misses the quokka.
You constrict the adder. The adder bites you.
* * * LOW HITPOINT WARNING * * *
You are lethally poisoned!
The adder poisons you! The quokka misses you. The adder bites you.
* * * LOW HITPOINT WARNING * * *
The rat completely misses you.
Attack whom?
Press: ? - help, Dir - move target cursor You reach to attack!
You miss something. You constrict the adder.
You kill the adder!
You die...

. ##.##..#.##.# ..
.#### #.##.......#
.. ...#
#.......####
..####.###.#.###.#
#
.......##.......#
...
..........######
....##.#..#.####
.....wr#.......#
#..{r@..#.##.#
#.......#.# #
....####.##.# ...
#.#... . #.....
##..... ..... #..


You could see a worm, a quokka and a rat.

Vanquished Creatures
  3 adders (D:2)
  2 dart slugs (D:1)
  6 bats
  12 goblins
  2 jackals (D:2)
  4 kobolds (D:1)
  2 frilled lizards
  6 rats
37 creatures vanquished.

Notes
Turn   | Place    | Note
-------+----------+-------------------------------------------
     0 | D:1      | splatterpode the Octopode Fighter began the quest for the Orb.
     0 | D:1      | Reached XP level 1. HP: 16/16 MP: 1/1
    89 | D:1      | Reached XP level 2. HP: 11/21 MP: 2/2
   367 | D:1      | Reached skill level 3 in Polearms
   570 | D:1      | Reached XP level 3. HP: 26/26 MP: 3/3
  1043 | D:2      | Reached skill level 4 in Polearms
  1146 | D:2      | Found a hide-covered altar of Uskayaw.
  1147 | D:2      | Found an opulent altar of Gozag.
  1153 | D:2      | Found a glowing golden altar of the Shining One.
  1361 | D:2      | Reached XP level 4. HP: 31/31 MP: 4/4
  1378 | D:2      | Noticed Sigmund
  1388 | D:2      | HP: 1/31 [adder (2)]
  1389 | D:2      | Succumbed to an adder's poison

Vault maps used:
D:1:      sevenhm_arrival_forest_fort_small_5
D:2:      lemuel_coloured_pillars_altar, led_sif_pool, minitemple, first_bread,
          nicolae_ru_path_of_blood, uniq_sigmund

Skill      XL: |  1  2  3 |
---------------+----------+-----
Polearms       | 3 4 |  4.3
Fighting       | |  3.0
Dodging        | |  3.0
Shields        | |  3.0

Action                   |  1- 3 |  4- 6 || total
-------------------------+-------+-------++-------
Melee: Trident           |    79 |    10 ||    89
       Constrict         |    19 |     1 ||    20
       Tentacles         |    11 |       ||    11
  Use: Potion            |       |     1 ||     1
 Stab: Sleeping          |     2 |       ||     2
  Eat: Chunk             |     1 |     1 ||     2
Armor: Skin              |     8 |     2 ||    10
Dodge: Dodged            |    25 |     9 ||    34
Block: Shield            |    17 |    11 ||    28

Table legend:
 A = Spawn XP
 B = Non-spawn XP
 C = Spawn XP percentage of total XP
 D = Spawn monster count
 E = Non-spawn monster count
 F = Spawn count percentage of total count
 G = Total turns spent on level
                    A         B        C        D         E        F      G
               +---------+---------+-------+---------+---------+-------+---------
         Total |       0 |      97 |   0.0 |       0 |      37 |   0.0 |  1389
               +---------+---------+-------+---------+---------+-------+---------
           D:1 |       0 |      46 |   0.0 |       0 |      26 |   0.0 |  1037
           D:2 |       0 |      51 |   0.0 |       0 |      11 |   0.0 |   352
               +---------+---------+-------+---------+---------+-------+---------
